 Dungeon Crawl Stone Soup version 0.31-a0-854-g362426d53f (webtiles) character file.

Game seed: 12022660146742004986

354 Dirtsage the Ruffian (level 6, -7/38 HPs)
             Began as an Octopode Shapeshifter on Oct 8, 2023.
             Was an Initiate of Wu Jian.
             Mangled by an ice beast (12 damage)
             ... on level 5 of the Dungeon.
             The game lasted 00:05:08 (3648 turns).

Dirtsage the Ruffian (Octopode Shapeshifter)        Turns: 3648, Time: 00:05:09

Health: -7/38      AC:  1    Str: 15    XL:     6   Next: 63%
Magic:  6/6        EV: 13    Int: 13    God:    Wu Jian [......]
Gold:   301        SH:  0    Dex: 11    Spells: 5/5 levels left

rFire   . .          .
                       - Unarmed
rCold   . . .        (no shield)
rNeg    . . .        (helmet currently unavailable)
rPois   .            v - amulet of faith
rElec   .            C - ring of resist corrosion
rCorr   +            W - ring of wizardry
SInv    .            (no ring)
Will    .....        (no ring)
Stlth   ++           (no ring)
HPRegen 0.26/turn    (no ring)
MPRegen 0.10/turn    (no ring)
                     (no ring)

%: faith, wizardry (x1)
@: beast-form
A: beast (slay +2), almost no armour, amphibious, 8 rings, camouflage 1,
gelatinous body 1, (nimble swimmer 1), tentacles
a: Begin Untransformation, Renounce Religion


You were on level 5 of the Dungeon.
You worshipped Wu Jian.
Wu Jian was noncommittal.
You were a hulking beast.
You visited 2 branches of the dungeon, and saw 6 of its levels.

You collected 301 gold pieces.

Inventory:

Armour
 w - a +0 hat
Magical Staves
 p - a staff of poison
Jewellery
 v - an amulet of faith (around mantle)
 C - a ring of resist corrosion (left tentacle)
 W - a ring of wizardry (right tentacle)
Talismans
 b - a beast talisman (active)
 c - a flux talisman
Wands
 d - a wand of flame (4)
Scrolls
 h - a scroll of revelation
 i - a scroll of brand weapon {unknown}
 n - a scroll of vulnerability
 o - 2 scrolls of enchant weapon
 q - a scroll of noise
 t - a scroll of teleportation
Potions
 a - 3 potions of lignification
 e - a potion of ambrosia {unknown}
 f - a potion of heal wounds {unknown}
 g - 3 potions of degeneration
 j - 5 potions of curing {unknown}
 k - 2 potions of enlightenment
 r - a potion of brilliance {unknown}
 s - a potion of berserk rage
 x - a potion of attraction {unknown}


   Skills:
 - Level 1.0 Fighting
 - Level 2.0 Dodging
 * Level 6.1 Unarmed Combat
 + Level 4.5 Shapeshifting


You had 5 spell levels left.
You didn't know any spells.
Your spell library contained the following spells:

 Spells                   Type           Power      Damage    Failure   Level
 Shock                    Conj/Air       0%         1d3       12%         1
 Summon Small Mammal      Summ           0%         N/A       12%         1
 Call Canine Familiar     Summ           0%         N/A       34%         3
 Summon Guardian Golem    Hex/Summ       0%         N/A       34%         3
 Swiftness                Air            0%         N/A       34%         3
 Airstrike                Air            0%         2d(0-16)  73%         4


Dungeon Overview and Level Annotations

Branches:
Dungeon (5/15)             Temple (1/1) D:5

Altars:
Ashenzari
Dithmenos
Elyvilon
Fedhas
Hepliaklqana
Kikubaaqudgha
Makhleb
Nemelex Xobeh
Okawaru
Qazlal
Ru
Trog
Uskayaw
Wu Jian
Xom
Yredelemnul
Zin
The Shining One

Shops:
D:2 :

Annotations:
Temple 3 transporters


Innate Abilities, Weirdness & Mutations

You are a hulking beast.
Your limbs bulge with bestial killing power. (Slay +2)
You cannot wear most types of armour.
You are amphibious.
You can wear up to eight rings at the same time.
Your skin changes colour to match your surroundings (Stealth+).
Your rubbery body absorbs attacks. (AC +1, EV +1)
((You are camouflaged when in or above water. (Stealth+)))
You have tentacles for arms and can constrict up to eight enemies at once.


Message History

Press: ? - help, Shift-Dir - straight line, f/p - ice beast
Aim: an ice beast (lightly wounded, 68% to hit)
The puff of flame hits the ice beast!
The ice beast melts!
The ice beast is heavily wounded.
Aiming: Throw Flame
Press: ? - help, Shift-Dir - straight line, f/p - ice beast
Aim: an ice beast (heavily wounded, 68% to hit)
The puff of flame misses the ice beast.
The puff of flame misses the adder.
The adder hisses angrily.
You barely miss the ice beast.
The ice beast is heavily wounded.
The ice beast barely misses you.
You tentacle-slap the ice beast. You squeeze the ice beast.
The ice beast is severely wounded.
The ice beast completely misses you.
You tentacle-slap the ice beast.
The ice beast is almost dead.
The ice beast barely misses you.
You barely miss the ice beast. Your squeeze misses the ice beast.
The ice beast is almost dead.
The ice beast hits you. The ice beast freezes you!
You take 14 damage, and have 24/38 hp.
MASSIVE DAMAGE!!
You barely miss the ice beast. You squeeze the ice beast.
The ice beast is almost dead.
The ice beast misses you.
You closely miss the ice beast.
The ice beast is almost dead.
You closely miss the ice beast.
Your tentacle-slap misses the ice beast.
The ice beast is almost dead.
The ice beast hits you. The ice beast freezes you!
* * * LOW HITPOINT WARNING * * *
You take 18 damage, and have 7/38 hp.
MASSIVE DAMAGE!!
You tentacle-slap the ice beast but do no damage.
Your squeeze misses the ice beast.
The ice beast is almost dead.
The ice beast hits you.
* * * LOW HITPOINT WARNING * * *
The ice beast freezes you!
You die...

##########.#.###.#.#.##.##.#
###.#.#..........##.##
########.#.#.#.#.#.##.#.....#
......#.#......#.#..........#
#..###...###.####.####..#
#.#.#.##.###.........)..#
#.##.###.......##.####..# #
#.##.#########.##.# #..# #
#.##.#....SYh..##.# #..# #
#.##.#.#######.##.# #..#
#####.##.#.# #.##.# #..#
.......#.#.#######.##.# #..#
#####...........##.##.# #..#
# ##.###..#.#........ ...# #
#.###.## ... ..## # #.##.##
#.. ...# # #.#.## . ...#


You could see an ice beast and an adder.

Vanquished Creatures
  A scorpion (D:5)
  A howler monkey (D:5)
  A hound (D:5)
  An orc priest (D:3)
  A jelly (D:4)
  An iguana (D:5)
  4 gnolls
  2 adders (D:2)
  A white imp (D:5)
  2 worms
  A dart slug (D:4)
  7 orcs
  3 bats
  5 endoplasms
  2 giant cockroaches
  3 goblins (D:1)
  7 hobgoblins
  10 jackals (D:1)
  4 quokkas
  A ball python (D:1)
  2 frilled lizards
  6 kobolds
  5 rats
71 creatures vanquished.

Notes
Turn   | Place    | Note
-------+----------+-------------------------------------------
     0 | D:1      | Dirtsage the Octopode Shapeshifter began the quest for the
                  | Orb.
     0 | D:1      | Reached XP level 1. HP: 13/13 MP: 1/1
   147 | D:1      | Reached XP level 2. HP: 18/18 MP: 2/2
   358 | D:1      | Reached XP level 3. HP: 20/23 MP: 3/3
   487 | D:1      | Reached skill level 4 in Unarmed Combat
   852 | D:1      | Found a faded altar of an unknown god.
   992 | D:2      | Reached XP level 4. HP: 25/28 MP: 4/4
  1222 | D:2      | Found Waimpom's Vocational Training.
  1856 | D:3      | Reached XP level 5. HP: 29/33 MP: 5/5
  1896 | D:3      | Found a sparkling altar of Nemelex Xobeh.
  2043 | D:3      | Reached skill level 5 in Unarmed Combat
  2960 | D:5      | Entered Level 5 of the Dungeon
  3083 | D:5      | Reached XP level 6. HP: 31/38 MP: 6/6
  3322 | D:5      | Found a staircase to the Ecumenical Temple.
  3329 | Temple   | Found a transporter.
  3329 | Temple   | Found a transporter.
  3329 | Temple   | Found a transporter.
  3329 | Temple   | Found a transporter.
  3329 | Temple   | Entered the Ecumenical Temple
  3349 | Temple   | Became a worshipper of the Wu Jian Council
  3533 | D:5      | Reached skill level 6 in Unarmed Combat
  3635 | D:5      | Noticed an ice beast
  3648 | D:5      | Mangled by an ice beast

Illustrated notes

Levels and vault maps discovered:
D:1:      erik_arrival_blinker_ship, layout_basic,
          shapermc_ecumenical_altar_mp_vishouse, corexii_item_surrounded_by_moat
D:2:      layout_basic, grunt_ministairs_7, nicolae_shop_vocational
D:3:      layout_rooms, mainiacjoe_overflow_concentric_impassable
D:4:      layout_basic, sigmund_army
D:5:      layout_loops_ring, minmay_temple_entry_hall
Temple:   hellmonk_temple_divided_pantheon

Skill      XL: |  1  2  3  4  5  6 |
---------------+-------------------+-----
Unarmed Combat | 4 5 6 |  6.1
Shapeshifting  | 4 |  4.5
Fighting       | |  1.0
Dodging        | |  2.0

Action                     |  1- 3 |  4- 6 || total
---------------------------+-------+-------++-------
  Melee: Unarmed           |    65 |    79 ||   144
         Constrict         |    21 |    17 ||    38
         Tentacles         |    14 |    18 ||    32
         Punch             |       |     2 ||     2
Ability: Lunge             |       |     3 ||     3
  Evoke: Wand              |       |     3 ||     3
    Use: Scroll            |       |    11 ||    11
   Stab: Sleeping          |     8 |     3 ||    11
 Armour: Skin              |    21 |    30 ||    51
  Dodge: Dodged            |    29 |    31 ||    60

Table legend: (Time is in decaauts)
 A = Elapsed time spent in this place.
 B = Non-inter-level travel time spent in this place.
 C = Inter-level travel time spent in this place.
 D = Time resting spent in this place.
 E = Time spent auto-exploring this place.
 F = Levels seen in this place.
 G = Mean time per level.
                   A        B        C        D        E       F      G
               +--------+--------+--------+--------+--------+-----+--------+
         Total |   3636 |   3521 |    115 |    165 |   2812 |   6 |  606.0 |
       Dungeon |   3488 |   3390 |     98 |    165 |   2746 |   5 |  697.6 |
        Temple |    147 |    130 |     17 |      0 |     66 |   1 |  147.0 |
               +--------+--------+--------+--------+--------+-----+--------+

Top non-repeatable levels by time:
     D:1: 878 daAuts
     D:2: 744 daAuts
     D:4: 727 daAuts
     D:3: 601 daAuts
     D:5: 537 daAuts
  Temple: 147 daAuts
